 Dungeon Crawl Stone Soup version 0.31-a0-978-g1e143483b6 (webtiles) character file.

Game seed: 15344019335922164038

345 lunkers the Ruffian (level 7, -16/52 HPs)
             Began as a Meteoran Shapeshifter on Oct 30, 2023.
             Demolished by an ogre
             ... wielding a +0 giant club
              (18 damage)
             ... on level 4 of the Dungeon.
             The game lasted 00:02:10 (1396 turns).

lunkers the Ruffian (Meteoran Shapeshifter)         Turns: 1396, Time: 00:02:11

Health: -16/52     AC:  5    Str: 17    XL:     7   Next: 13%
Magic:  8/8        EV: 11    Int: 11    God:
Gold:   131        SH:  0    Dex: 15    Spells: 6/6 levels left

rFire   . .          .
                       - Unarmed
rCold   . . .        (no shield)
rNeg    . . .        e - +0 ring mail
rPois   .            (helmet currently unavailable)
rElec   .            (cloak currently unavailable)
rCorr   .            (gloves currently unavailable)
SInv    .            (boots currently unavailable)
Will    +....        (no amulet)
Stlth   +            j - ring of willpower
HPRegen 0.28/turn    (no ring)
MPRegen 0.11/turn

%: no passive effects
@: beast-form, glowing
A: beast (slay +3), sense surroundings 1, otherworldly, glowing, explore regen
a: Begin Untransformation


You were on level 4 of the Dungeon.
You were a hulking beast.
You visited 1 branch of the dungeon, and saw 4 of its levels.

You collected 131 gold pieces.

Inventory:

Missiles
 l - 5 javelins
Armour
 a - a +0 animal skin
 e - a +0 ring mail (worn)
 k - a scarf of harm
Jewellery
 j - a ring of willpower (left hand)
 o - a ring of magical power
 u - a ring of magical power
Talismans
 c - a beast talisman
 d - a flux talisman
Wands
 m - a wand of charming (4)
 s - a wand of flame (5)
Scrolls
 f - a scroll of identify {unknown}
 h - a scroll of vulnerability {unknown}
 p - a scroll of amnesia {unknown}
 r - a scroll of noise {unknown}
 t - a scroll of enchant armour {unknown}
 v - a scroll of fear {unknown}
Potions
 b - a potion of lignification
 g - 2 potions of invisibility {unknown}
 i - 2 potions of curing {unknown}
 n - 2 potions of haste {unknown}
 q - a potion of resistance {unknown}


   Skills:
 - Level 1.1 Fighting
 - Level 2.1 Dodging
 * Level 7.3 Unarmed Combat
 + Level 5.4 Shapeshifting


You had 6 spell levels left.
You didn't know any spells.
Your spell library contained the following spells:

 Spells                   Type           Power      Damage    Failure   Level
 Stone Arrow              Conj/Erth      0%         3d7       89%         3
 Animate Armour           Summ/Erth      0%         N/A       100%        4
 Olgreb's Toxic Radiance  Pois           0%         N/A       100%        4
 Discord                  Hex            0%         N/A       100%        8
 Ignition                 Fire           0%         3d3       100%        8
 Lehudib's Crystal Spear  Conj/Erth      0%         10d2      100%        8


Dungeon Overview and Level Annotations

Branches:
Dungeon (4/15) Zot: 1015
 Temple: D:4-7

Altars:
Fedhas
Kikubaaqudgha


Innate Abilities, Weirdness & Mutations

You are a hulking beast.
Your limbs bulge with bestial killing power. (Slay +3)
You passively map a small area around you.
You are easily found by Zot.
You glow in the dark.
You regain HP and MP as you explore.


Message History

No target in view!
There is a stone staircase leading down here.
There is a stone staircase leading up here.
An ogre and a hound come into view.
The hound barks!
Found a spear.
The ogre closely misses you.
You barely miss the ogre. You punch the ogre.
The ogre is lightly wounded.
You punch the ogre!
The ogre is heavily wounded.
The ogre hits you with a +0 giant club!!
* * * LOW HITPOINT WARNING * * *
The hound bites you.
* * * LOW HITPOINT WARNING * * *
The hound attacks as it pursues you! The hound bites you but does no damage.
The hound bites you.
* * * LOW HITPOINT WARNING * * *
The hound attacks as it pursues you! The hound bites you.
* * * LOW HITPOINT WARNING * * *
Unknown command.
The hound bites you.
* * * LOW HITPOINT WARNING * * *
You punch the hound!
The hound is heavily wounded.
The hound closely misses you.
Unknown command.
You punch the hound!
You kill the hound!
The ogre hits you with a +0 giant club!!
* * * LOW HITPOINT WARNING * * *
You see here a hound corpse.
You hit the ogre.
The ogre is heavily wounded.
The ogre closely misses you.
You punch the ogre!
The ogre is almost dead.
You hit the ogre.
The ogre is almost dead.
The ogre hits you with a +0 giant club!!
You die...

....######.#.##....#
...## #....##.#.#
#..# ##.....#.#.#
##.# #........#.#
##.# #..........#
##.# #........###
...# ##.....#.#
...########...##.#
.............###h###
..†..#########..O..#
.....#########.###.#
* * ...............
#...)....
....#########.,*
#.......# †..## #.
,,...####.. #### #
,#.## , , # * , #.+
, , # *, , , ..# ,


You could see an ogre.

Vanquished Creatures
  Sigmund (D:4)
  A scorpion (D:4)
  A hound (D:4)
  6 adders
  A dart slug (D:3)
  6 endoplasms
  2 goblins
  4 hobgoblins
  7 jackals (D:4)
  2 kobolds
  3 quokkas
  2 ball pythons (D:3)
  2 bats
  5 frilled lizards
  7 rats
50 creatures vanquished.

Notes
Turn   | Place    | Note
-------+----------+-------------------------------------------
     0 | D:1      | lunkers the Meteoran Shapeshifter began the quest for the
                  | Orb.
     0 | D:1      | Reached XP level 1. HP: 16/16 MP: 2/2
   182 | D:1      | Reached skill level 4 in Unarmed Combat
   182 | D:1      | Reached XP level 2. HP: 23/23 MP: 3/3
   530 | D:2      | Reached XP level 3. HP: 28/28 MP: 4/4
   881 | D:3      | Reached XP level 4. HP: 35/35 MP: 5/5
   902 | D:3      | Reached skill level 5 in Unarmed Combat
  1084 | D:4      | Noticed Sigmund
  1095 | D:4      | Killed Sigmund
  1096 | D:4      | Reached skill level 6 in Unarmed Combat
  1096 | D:4      | Reached skill level 5 in Shapeshifting
  1096 | D:4      | Reached XP level 5. HP: 40/40 MP: 6/6
  1096 | D:4      | Reached XP level 6. HP: 47/47 MP: 7/7
  1319 | D:4      | Reached skill level 7 in Unarmed Combat
  1319 | D:4      | Reached XP level 7. HP: 51/52 MP: 8/8
  1344 | D:4      | Found an ancient bone altar of Kikubaaqudgha.
  1344 | D:4      | Found a blossoming altar of Fedhas.
  1393 | D:4      | HP: 1/52 [ogre/+0 giant club (22)]
  1396 | D:4      | Demolished by an ogre

Illustrated notes

Levels and vault maps discovered:
D:1:      sevenhm_arrival_forest_fort_small_5, layout_basic
D:2:      layout_loops_ring
D:3:      layout_rooms
D:4:      layout_loops_ring, grunt_temple_overflow_growth_and_decay,
          minmay_joined_circles, uniq_sigmund

Skill      XL: |  1  2  3  4  5  6 |
---------------+-------------------+-----
Unarmed Combat | 4 6 7 |  7.3
Shapeshifting  | 4 5 |  5.4
Fighting       | |  1.1
Dodging        | |  2.1

Action                     |  1- 3 |  4- 6 |  7- 9 || total
---------------------------+-------+-------+-------++-------
  Melee: Unarmed           |    51 |    66 |     9 ||   126
         Punch             |     1 |     2 |     1 ||     4
 Armour: Ring mail         |    20 |    44 |    10 ||    74
  Dodge: Dodged            |    31 |    40 |     4 ||    75

Table legend: (Time is in decaauts)
 A = Elapsed time spent in this place.
 B = Non-inter-level travel time spent in this place.
 C = Inter-level travel time spent in this place.
 D = Time resting spent in this place.
 E = Time spent auto-exploring this place.
 F = Levels seen in this place.
 G = Mean time per level.
                   A        B        C        D        E       F      G
               +--------+--------+--------+--------+--------+-----+--------+
         Total |   1384 |   1307 |     77 |      0 |   1001 |   4 |  346.0 |
       Dungeon |   1384 |   1307 |     77 |      0 |   1001 |   4 |  346.0 |
               +--------+--------+--------+--------+--------+-----+--------+

Top non-repeatable levels by time:
     D:1: 480 daAuts
     D:4: 370 daAuts
     D:3: 280 daAuts
     D:2: 252 daAuts
